 Dungeon Crawl Stone Soup version 0.29-a0-892-g2c4c91d9db (console) character file.

Game seed: 493699193387157003

33518 CannotBeFrozen the Carver (level 13, -3/113 HPs)
             Began as a Demigod Warper on July 21, 2022.
             Slain by a tyrant leech (25 damage)
             ... on level 5 of the Lair of Beasts on July 22, 2022.
             The game lasted 01:20:05 (25011 turns).

CannotBeFrozen the Carver (Demigod Warper)         Turns: 25011, Time: 01:20:05

Health: -3/113     AC: 13    Str: 12    XL:     13   Next: 8%
Magic:  26/26      EV: 14    Int: 23    God:
Gold:   1353       SH:  5    Dex: 28    Spells: 10/24 levels left

rFire   x . .      SeeInvis .   a - +1 scimitar (flame)
rCold   + . .      Faith    .   (no shield)
rNeg    + . .      Spirit   .   o - +2 ring mail of Ostozoz {Rampage Will+}
rPois   +          Reflect  +   L - +0 helmet of Iwoefen {rN+}
rElec   .          Harm     .   e - +0 cloak
rCorr   +          Rampage  +   y - +0 pair of gloves
Will    +++..                   w - +0 pair of boots
Stlth   ++........              F - amulet of reflection
HPRegen 0.28/turn               t - ring of Ytoag {Ice rPois Will+ rCorr Dex+7, =R}
MPRegen 0.20/turn               D - ring "Gotac" {Wiz rCorr}

@: about to teleport
A: high MP 1, forlorn, divine attributes
a: no special abilities


You were on level 5 of the Lair of Beasts.
You visited 3 branches of the dungeon, and saw 18 of its levels.

You collected 1522 gold pieces.
You spent 169 gold pieces at shops.

Inventory:

Hand Weapons
 a - a +1 scimitar of flaming (weapon)
Missiles
 d - 7 boomerangs of dispersal {=f=F}
 i - 13 javelins
 x - 3 throwing nets {=f=F}
 G - 38 poisoned darts (quivered)
 J - 6 boomerangs
 O - 3 silver boomerangs
 P - 2 curare-tipped darts {=f=F}
Armour
 e - a +0 cloak (worn)
 o - the +2 ring mail of Ostozoz (worn) {Rampage Will+}
   (You found it on level 1 of the Lair of Beasts)

   Rampage:   It bestows one free step when moving towards enemies.
   Will:      It increases your willpower.
 w - a +0 pair of boots (worn)
 y - a +0 pair of gloves (worn)
 L - the +0 helmet of Iwoefen (worn) {rN+}
   (You found it on level 8 of the Dungeon)

   rN:        It protects you from negative energy.
Jewellery
 t - the ring of Ytoag (left hand) {Ice rPois Will+ rCorr Dex+7, =R}
   (You found it on level 3 of the Dungeon)

   [ring of ice]

   It enhances your ice magic.
   Dex:       It affects your dexterity (+7).
   rF:        It makes you vulnerable to fire.
   rC:        It protects you from cold.
   rPois:     It protects you from poison.
   rCorr:     It protects you from acid and corrosion.
   Will:      It increases your willpower.
 D - the ring "Gotac" (right hand) {Wiz rCorr}
   (You took it off an efreet on level 11 of the Dungeon)

   [ring of wizardry]

   It improves your spell success rate.
   rCorr:     It protects you from acid and corrosion.
 E - a ring of protection from fire
 F - an amulet of reflection (around neck)
 K - a ring of see invisible
Wands
 f - a wand of iceblast (16)
 q - a wand of light (11)
 u - a wand of polymorph (14)
 B - a wand of flame (36)
Scrolls
 b - 2 scrolls of fear
 c - a scroll of blinking
 h - 4 scrolls of amnesia
 k - 5 scrolls of teleportation {@r2}
 l - 7 scrolls of vulnerability
 m - 3 scrolls of fog
 s - 3 scrolls of magic mapping
 C - 9 scrolls of identify {@r1}
 M - a scroll of poison
Potions
 g - 5 potions of curing {@q1}
 j - 5 potions of lignification
 n - 2 potions of cancellation
 p - 7 potions of heal wounds {@q2}
 r - 6 potions of might
 v - 2 potions of brilliance
 z - 3 potions of ambrosia
 A - 2 potions of attraction
 I - 2 potions of flight
 N - a potion of haste
Miscellaneous
 H - a phial of floods


   Skills:
 - Level 10.0 Fighting
 + Level 13.0 Long Blades
 - Level 0.8 Throwing
 - Level 5.0 Armour
 - Level 5.0 Dodging
 - Level 6.0 Spellcasting
 - Level 6.0 Conjurations
 - Level 3.0 Translocations
 - Level 6.0 Fire Magic
 - Level 6.0 Ice Magic


You had 10 spell levels left.
You knew the following spells:

 Your Spells              Type           Power      Damage    Failure   Level
f - Frozen Ramparts       Ice            100%       1d12      1%          3
i - Irradiate             Conj/Tmut      10%        3d15      47%         5
w - Flame Wave            Conj/Fire      34%        2d8       6%          4
z - Blink                 Tloc           40%        N/A       3%          2

Your spell library contained the following spells:

 Spells                   Type           Power      Damage    Failure   Level
 Foxfire                  Conj/Fire      100%       2x1d9     1%          1
 Magic Dart               Conj           100%       1d8       1%          1
 Searing Ray              Conj           68%        2d6       1%          2
 Conjure Flame            Conj/Fire      34%        6-21      1%          3
 Gell's Gravitas          Tloc           20%        N/A       6%          3
 Inner Flame              Hex/Fire       20%        N/A       6%          3
 Lesser Beckoning         Tloc           20%        N/A       6%          3
 Teleport Other           Tloc           20%        N/A       6%          3
 Slow                     Hex            24%        N/A       8%          1
 Ignite Poison            Fire/Tmut/Pois 16%        N/A       10%         3
 Mephitic Cloud           Conj/Pois/Air  16%        N/A       10%         3
 Call Imp                 Summ           6%         N/A       11%         2
 Sublimation of Blood     Necr           6%         N/A       11%         2
 Wereblood                Tmut           6%         N/A       11%         2
 Confusing Touch          Hex            6%         N/A       21%         3
 Vampiric Draining        Necr           6%         2d6       21%         3
 Fulminant Prism          Conj/Hex       10%        3d9       21%         4
 Ice Form                 Ice/Tmut       31%        N/A       21%         4
 Summon Ice Beast         Ice/Summ       31%        N/A       21%         4
 Manifold Assault         Tloc           20%        N/A       47%         5
 Metabolic Englaciation   Hex/Ice        15%        N/A       47%         5
 Anguish                  Hex/Necr       3%         N/A       54%         4
 Cause Fear               Hex            3%         N/A       54%         4
 Corpse Rot               Necr/Pois/Air  6%         N/A       54%         4
 Dispel Undead            Necr           6%         3d8       54%         4
 Petrify                  Tmut/Erth      6%         N/A       54%         4
 Alistair's Intoxication  Tmut/Pois      4%         N/A       86%         5
 Blade Hands              Tmut           3%         N/A       86%         5
 Summon Mana Viper        Hex/Summ       6%         N/A       86%         5
 Death Channel            Necr           3%         N/A       100%        6
 Statue Form              Tmut/Erth      4%         N/A       100%        6
 Dragon Form              Tmut           3%         N/A       100%        7
 Malign Gateway           Summ/Tloc      6%         N/A       100%        7
 Monstrous Menagerie      Summ           3%         N/A       100%        7
 Summon Hydra             Summ           3%         N/A       100%        7
 Discord                  Hex            3%         N/A       100%        8
 Summon Horrible Things   Summ           3%         N/A       100%        8


Dungeon Overview and Level Annotations

Branches:
Dungeon (11/15)            Temple (0/1) D:6            Lair (5/5) D:9
  Swamp (0/4) Lair:2        Snake (0/4) Lair:2        Slime (0/5) Lair:5
    Orc (2/2) D:9
    Elf: Orc:2

Shops:
D:2 !

Annotations:
D:9 2 transporters, BlueGoblin's ghost, novice DENe
Orc:2 Rupert


Innate Abilities, Weirdness & Mutations

You have an increased reservoir of magic. (+10% MP)
You shall have no god before yourself.
Your divine heritage dramatically boosts your attributes as you level up.


Message History

You slash the tyrant leech! You burn the tyrant leech.
The tyrant leech is moderately wounded.
The electric eel shoots out a bolt of lightning at you!
The bolt of electricity hits the plant!
The bolt of electricity misses you.
You barely miss the tyrant leech.
The tyrant leech is moderately wounded.
The tyrant leech bites you!!
The tyrant leech draws strength from your injuries!
HP: 71/113 (-22) =======----- !
You enter the shallow water.
Moving in this stuff is going to be slow.
A nearby plant withers and dies.
The electric eel shoots out a bolt of lightning at you!
The bolt of electricity hits you! The tyrant leech bites you!
* * * LOW HITPOINT WARNING * * *
The tyrant leech draws strength from your injuries!
HP: 47/113 (-24) ====-------- !!
That's the wrong kind of item! (Use * to select it.) Evoke which item? (* to show all) (? for menu, Esc to quit)
Okay, then.
Aiming: Throw Flame
Press: ? - help, Shift-Dir - straight line, f/p - electric eel
Aim: an electric eel (48% to hit)
You hear a splash.
You feel a bit more experienced. The tyrant leech bites you!!
* * * LOW HITPOINT WARNING * * *
The tyrant leech draws strength from your injuries!
HP: 26/113 (-21) ==---------- !
As you read the scroll of teleportation {@r2}, it crumbles to dust.
You feel strangely unstable.
You slash the tyrant leech! You burn the tyrant leech.
The tyrant leech is moderately wounded.
The tyrant leech bites you.
* * * LOW HITPOINT WARNING * * *
The tyrant leech draws strength from your injuries!
HP: 22/113 (-4) ==---------- You barely miss the tyrant leech.
The tyrant leech is moderately wounded.
The tyrant leech bites you!!
You die...

≈≈≈≈≈≈≈≈###P≈≈P≈.............#.......
≈≈≈≈≈≈≈≈≈#≈≈≈≈≈..................P...
P≈≈≈≈≈≈≈≈#.≈≈≈≈≈.................#...
≈≈≈≈≈.≈.##≈≈≈P≈≈P.......###..#...#...
#≈§≈.≈≈≈##≈≈≈≈≈≈.≈..#...##......##...
#≈≈.≈≈P≈≈#≈≈P≈#≈≈.≈##.#####.#...#....
#≈≈≈§≈$:≈#≈≈≈##≈≈......###...#.).#(..
##≈≈≈[/!≈≈≈#####≈...................<
≈≈≈≈≈(|:≈≈≈≈##≈≈P...≈≈.......#...#...
≈≈≈#≈$§≈w.≈≈#≈≈≈....≈≈..........#....
≈≈ #≈≈§≈@≈≈≈#≈≈≈≈..≈≈≈...............
P ##≈≈.≈≈≈≈≈.≈≈.P≈≈≈≈...............
#.≈≈≈≈≈≈≈≈≈≈..≈..................
#.≈≈≈≈≈≈≈≈≈≈≈.≈.≈.................
##≈≈≈≈≈≈≈P≈≈≈..†#≈..........<.....
≈≈≈≈≈≈≈≈≈≈≈≈..#.†................
≈≈≈≈≈≈≈≈≈≈≈≈≈..#..............#...
##≈≈≈≈≈≈≈≈≈≈≈≈≈##..........#.(.....
≈≈≈≈≈≈≈.#.#.#............###
≈≈≈≈≈≈≈##.#.#...........####
≈≈≈≈≈..#...###.............#


You could see a tyrant leech.

Vanquished Creatures
  Kirke (Lair:4)
  5 hydras
  2 boulder beetles
  2 two-headed ogres (D:9)
  2 death yaks (D:9)
  Lodul (D:10)
  Pikel (D:6)
  A manticore (D:11)
  A gargoyle (D:10)
  3 black mambas
  13 cane toads
  2 unseen horrors (D:11)
  An efreet (D:11)
  4 komodo dragons
  4 trolls (D:11)
  2 polar bears
  A queen bee (D:11)
  4 tyrant leeches
  A hornet (D:11)
  13 blink frogs
  Prince Ribbit (D:7)
  A slime creature (Lair:5)
  2 wraiths (D:11)
  19 yaks
  A shadow (D:9)
  6 basilisks
  2 wyverns
  4 hogs
  4 vampire mosquitoes
  A warg (Orc:2)
  A naga (Lair:2)
  A swamp worm (Lair:2)
  6 water moccasins
  2 acid dragons (D:11)
  2 orc warriors
  A sky beast (D:6)
  2 black bears
  A centaur (D:7)
  12 ogres
  2 lemures (D:6)
  4 phantoms
  5 kobold brigands
  15 bullfrogs
  A gnoll sergeant (D:9)
  3 scorpions
  2 necrophages
  22 killer bees
  A troll zombie (D:9)
  2 electric eels (Lair:5)
  9 howler monkeys
  4 hounds
  9 orc priests
  3 jellies (Lair:5)
  4 iguanas
  15 orc wizards
  5 ogre zombies (D:9)
  5 gnolls
  4 adders
  2 shadow imps (D:5)
  6 white imps (D:5)
  2 ufetubi
  5 worms (D:3)
  2 dart slugs
  47 orcs
  6 ball pythons
  2 bats (D:3)
  7 endoplasms
  2 giant cockroaches (D:3)
  5 goblins
  3 hobgoblins
  10 jackals
  3 quokkas
  3 frilled lizards
  2 goblin skeletons (D:9)
  A hobgoblin skeleton (D:9)
  3 hobgoblin zombies (D:9)
  24 kobolds
  3 orc skeletons (D:9)
  10 orc zombies (D:9)
  6 rats
402 creatures vanquished.

Vanquished Creatures (others)
  A vampire mosquito (D:11)
  A bullfrog (Lair:4)
  A kobold (D:9)
  A bush (Lair:5)
  9 demonic plants (D:5)
  25 fungi
  3 pillars of salt (Orc:2)
  124 plants
165 creatures vanquished.

Grand Total: 567 creatures vanquished

Notes
Turn   | Place    | Note
-------+----------+-------------------------------------------
     0 | D:1      | CannotBeFrozen the Demigod Warper began the quest for the
                  | Orb.
     0 | D:1      | Reached XP level 1. HP: 17/17 MP: 5/5
   137 | D:1      | Reached skill level 2 in Long Blades
   600 | D:1      | Reached XP level 2. HP: 24/24 MP: 7/7
   607 | D:1      | Learned a level 2 spell: Blink
  1570 | D:1      | Reached skill level 3 in Long Blades
  1830 | D:2      | Reached XP level 3. HP: 24/29 MP: 8/8
  2454 | D:2      | Found Vufezof's Distillery.
  2467 | D:2      | Bought a potion of heal wounds for 65 gold pieces
  2843 | D:3      | Identified the ring of Ytoag {Ice rPois Will+ rCorr Dex+7}
  2850 | D:3      | Learned a level 3 spell: Frozen Ramparts
  3174 | D:3      | Noticed an ogre
  3201 | D:2      | Bought a potion of curing for 39 gold pieces
  3865 | D:3      | Reached XP level 4. HP: 31/36 MP: 9/9
  4263 | D:4      | Reached skill level 4 in Long Blades
  4293 | D:4      | Reached XP level 5. HP: 13/41 MP: 10/10
  4558 | D:2      | Bought a potion of degeneration for 13 gold pieces
  4558 | D:2      | Bought a potion of might for 52 gold pieces
  4605 | D:4      | Noticed an ogre
  4801 | D:4      | Reached skill level 5 in Long Blades
  4819 | D:4      | Reached XP level 6. HP: 33/48 MP: 11/11
  5272 | D:4      | Reached skill level 6 in Long Blades
  6408 | D:5      | Entered Level 5 of the Dungeon
  6417 | D:4      | Reached skill level 1 in Ice Magic
  6428 | D:5      | Reached XP level 7. HP: 47/55 MP: 13/13
  6484 | D:5      | Reached skill level 7 in Long Blades
  6701 | D:5      | Got the Compilation of Macabre Transmutation
  7424 | D:5      | Upgraded the game from 0.29-a0-886-gfb1a3fa8b1 to
                  | 0.29-a0-892-g2c4c91d9db
  7739 | D:6      | Noticed Pikel
  7753 | D:6      | Killed Pikel
  7754 | D:6      | Reached skill level 8 in Long Blades
  7754 | D:6      | Reached skill level 5 in Ice Magic
  7754 | D:6      | Reached XP level 8. HP: 38/61 MP: 8/14
  7951 | D:6      | Found a staircase to the Ecumenical Temple.
  9125 | D:7      | Noticed Prince Ribbit
  9142 | D:7      | Killed Prince Ribbit
  9143 | D:7      | Reached XP level 9. HP: 58/67 MP: 9/18
  9856 | D:8      | Reached skill level 1 in Armour
 10013 | D:8      | Reached skill level 9 in Long Blades
 10263 | D:8      | Identified the +0 helmet of Iwoefen {rN+}
 11392 | D:9      | Found a staircase to the Orcish Mines.
 11508 | D:9      | Noticed a death yak
 11526 | D:9      | Noticed a death yak
 11526 | D:9      | Noticed a death yak
 11533 | D:9      | Killed a death yak
 11810 | D:9      | Noticed a two-headed ogre
 11823 | D:9      | Killed a two-headed ogre
 11824 | D:9      | Reached skill level 5 in Armour
 11824 | D:9      | Reached skill level 5 in Dodging
 11824 | D:9      | Reached XP level 10. HP: 62/77 MP: 16/19
 12290 | D:9      | Killed a death yak
 12296 | D:9      | Found a staircase to the Lair.
 12311 | D:9      | HP: 2/79 [gnoll/+0 halberd[a gnoll sergeant] (11)]
 13153 | D:9      | Noticed a moth of wrath
 13154 | D:9      | Noticed a tengu warrior
 13158 | D:9      | Found a transporter.
 13164 | D:9      | Noticed BlueGoblin's ghost (novice DENe)
 13174 | D:9      | Found a transporter.
 13176 | D:9      | Noticed a two-headed ogre
 13313 | D:9      | Noticed a two-headed ogre
 13331 | D:9      | Killed a two-headed ogre
 13332 | D:9      | Reached skill level 5 in Fighting
 13332 | D:9      | Reached skill level 10 in Long Blades
 14452 | D:10     | Entered Level 10 of the Dungeon
 15423 | D:10     | Noticed Lodul
 15591 | D:10     | Killed Lodul
 15993 | D:11     | Reached XP level 11. HP: 62/94 MP: 16/20
 16511 | D:11     | Identified the ring "Gotac" {Wiz rCorr}
 16572 | D:11     | Noticed an eight-headed hydra
 16798 | D:11     | Killed a four-headed hydra
 16881 | D:11     | Reached skill level 10 in Fighting
 17169 | D:11     | Identified the +1 leather armour of the Slightly Bent
                  | {rPois Int+4}
 17324 | D:11     | Noticed a boulder beetle
 17336 | D:11     | Killed a boulder beetle
 17526 | Lair:1   | Entered Level 1 of the Lair of Beasts
 17653 | Lair:1   | Reached skill level 5 in Spellcasting
 17759 | Lair:1   | Identified the +2 ring mail of Ostozoz {Rampage Will+}
 17820 | Lair:1   | Reached skill level 11 in Long Blades
 18298 | Lair:1   | Noticed an eight-headed hydra
 18314 | Lair:1   | Killed a five-headed hydra
 18674 | Orc:1    | Entered Level 1 of the Orcish Mines
 18958 | Orc:2    | Entered Level 2 of the Orcish Mines
 19244 | Orc:2    | Noticed Rupert
 19268 | Orc:2    | Paralysed by Rupert for 2 turns
 19759 | Lair:2   | Learned a level 4 spell: Flame Wave
 19765 | Lair:2   | Learned a level 5 spell: Irradiate
 19855 | Lair:2   | Found a staircase to the Snake Pit.
 19916 | Lair:2   | Reached skill level 1 in Conjurations
 19916 | Lair:2   | Reached XP level 12. HP: 91/106 MP: 25/25
 20395 | Lair:2   | Noticed a seven-headed hydra
 20409 | Lair:2   | Killed a five-headed hydra
 20430 | Lair:2   | Noticed an eight-headed hydra
 20439 | Lair:2   | Killed a six-headed hydra
 20440 | Lair:2   | Reached skill level 12 in Long Blades
 20985 | Lair:2   | Found a staircase to the Swamp.
 21433 | Lair:3   | Noticed a boulder beetle
 21448 | Lair:3   | Killed a boulder beetle
 21549 | Lair:3   | Reached skill level 5 in Conjurations
 21826 | Lair:3   | Noticed Sonja
 21827 | Lair:3   | Noticed Sonja
 21827 | Lair:3   | Sonja changed into Sonja the hog
 21834 | Lair:3   | Killed Sonja the hog
 21835 | Lair:3   | Reached skill level 1 in Fire Magic
 22413 | Lair:4   | Noticed Kirke
 22463 | Lair:4   | Killed Kirke
 23492 | Lair:5   | Entered Level 5 of the Lair of Beasts
 23504 | Lair:5   | Found a staircase to the Slime Pits.
 23614 | Lair:5   | Reached skill level 5 in Fire Magic
 23657 | Lair:5   | Noticed a five-headed hydra
 23983 | Lair:5   | Killed a one-headed hydra
 24475 | Lair:5   | Reached XP level 13. HP: 106/113 MP: 23/26
 24800 | Lair:5   | Reached skill level 13 in Long Blades
 25011 | Lair:5   | Slain by a tyrant leech

Illustrated notes

Levels and vault maps discovered:
D:1:      mrwooster_arrival_statue_2, layout_basic
D:2:      layout_loops_ring, serial_shops, shop
D:3:      minmay_bubble_buster, layout_basic
D:4:      layout_rooms, nicolae_dithmenos_the_darkroom
D:5:      layout_rooms, serial_demonic, serial_demonic_e, serial_demonic_e,
          serial_demonic_g, serial_demonic_d
D:6:      layout_basic, good_gods_temple_1, mainiacjoe_overflow_paths,
          minmay_temple_entry_proselytizer, uniq_pikel
D:7:      layout_basic, nicolae_overflow_crystal_walls, fedhas_ov_isle_minmay,
          serial_co_window_serial, co_window_paths_a, co_window_paths_b,
          co_window_paths_a, co_window_of_opportunity_a, co_window_corner_a,
          co_window_paths_b, co_window_paths_b, co_window_broadway_c,
          co_window_corner_b, co_window_broadway_c, co_window_paths_d,
          co_window_paths_e, glass_columns_a, glass_columns_b, glass_columns_a,
          uniq_prince_ribbit1
D:8:      layout_basic, nicolae_overflow_hallway_of_the_gods
D:9:      layout_layer_cave, dpeg_lair_monsters, zombieorc1_lemuel,
          gammafunk_ghost_wrathful_warriors
D:10:     layout_grid_maze, mainiacjoe_overflow_alcove_4, st_stairs_7,
          uniq_lodul
D:11:     minmay_clustersquares, layout_loops_cross,
          nicolae_looking_at_the_future
Lair:1:   layout_chaotic_city, infiniplex_staircase_pool
Lair:2:   layout_layer_cave, palyth_hydra_swamp_entry,
          guppyfry_snake_entry_island
Lair:3:   layout_big_grid, nzn_masters_of_martial_movement, uniq_sonja
Lair:4:   layout_cave_pods, uniq_kirke
Lair:5:   minmay_lair_end_frog_pond, layout_gridlike,
          minmay_slime_entry_pillars, chequers_serial_rivers_room_b,
          wad_woods_06
Orc:1:    layout_caves, serial_shops, shop
Orc:2:    hellmonk_orc_salted, layout_caves, minmay_orc_keep, uniq_rupert

Skill      XL: |  1  2  3  4  5  6  7  8  9 10 11 12 13 |
---------------+----------------------------------------+-----
Long Blades    | 2 3 4 5 6 8 9 10 11 12 13 | 13.0
Fighting       | 2 3 8 10 | 10.0
Spellcasting   | 2 3 4 6 |  6.0
Translocations | 3 |  3.0
Ice Magic      | 1 5 6 |  6.0
Armour         | 5 |  5.0
Dodging        | 5 |  5.0
Conjurations   | 1 5 6 |  6.0
Fire Magic     | 5 6 |  6.0
Throwing       | |  0.8

Action                   |  1- 3 |  4- 6 |  7- 9 | 10-12 | 13-15 || total
-------------------------+-------+-------+-------+-------+-------++-------
Melee: Falchion          |   142 |    81 |   152 |       |       ||   375
       Punch             |     3 |       |     4 |     7 |       ||    14
       Dagger            |     6 |    56 |     5 |       |       ||    67
       Scimitar          |       |       |   127 |   622 |    46 ||   795
Throw: Stone             |    23 |     7 |    15 |       |       ||    45
       Boomerang         |       |       |     6 |     4 |       ||    10
       Dart              |       |       |       |    41 |       ||    41
       Javelin           |       |       |       |     2 |       ||     2
 Cast: Blink             |     3 |       |       |    10 |       ||    13
       Frozen Ramparts   |       |       |    26 |    74 |     2 ||   102
       Flame Wave        |       |       |       |     3 |     3 ||     6
Evoke: Wand              |       |       |       |     2 |     1 ||     3
  Use: Scroll            |       |    13 |       |     9 |     1 ||    23
       Potion            |       |       |       |     4 |       ||     4
 Stab: Sleeping          |     2 |     2 |       |     3 |       ||     7
       Distracted        |       |       |       |     1 |       ||     1
       Invisible         |       |       |       |     1 |       ||     1
Armor: Ring mail         |    13 |    18 |     6 |    63 |    12 ||   112
       Leather armour    |    20 |    11 |    46 |    44 |       ||   121
       Troll leather arm |       |       |       |    32 |       ||    32
Dodge: Dodged            |    79 |    84 |   148 |   348 |    22 ||   681
Block: Other             |       |       |    10 |   113 |     9 ||   132
       Reflection        |       |       |       |     5 |       ||     5

Table legend: (Time is in decaauts)
 A = Elapsed time spent in this place.
 B = Non-inter-level travel time spent in this place.
 C = Inter-level travel time spent in this place.
 D = Time resting spent in this place.
 E = Time spent auto-exploring this place.
 F = Levels seen in this place.
 G = Mean time per level.
                   A        B        C        D        E       F      G
               +--------+--------+--------+--------+--------+-----+--------+
         Total |  24893 |  23538 |   1355 |   6517 |  11153 |  18 | 1382.9 |
       Dungeon |  17535 |  16365 |   1170 |   4658 |   7058 |  11 | 1594.1 |
          Lair |   6377 |   6223 |    154 |   1505 |   3685 |   5 | 1275.4 |
  Orcish Mines |    980 |    950 |     30 |    354 |    410 |   2 |  490.0 |
               +--------+--------+--------+--------+--------+-----+--------+

Top non-repeatable levels by time:
     D:9: 2615 daAuts
     D:3: 2259 daAuts
  Lair:4: 1939 daAuts
     D:1: 1851 daAuts
    D:10: 1659 daAuts
  Lair:2: 1591 daAuts
     D:4: 1538 daAuts
     D:7: 1499 daAuts
     D:8: 1378 daAuts
    D:11: 1374 daAuts
     D:2: 1306 daAuts
  Lair:1: 1132 daAuts
     D:5: 1073 daAuts
     D:6: 980 daAuts
  Lair:5: 870 daAuts
